 Dungeon Crawl Stone Soup version 0.29-a0-838-g385bb11a5b (webtiles) character file.

Game seed: 16794836999329898510

14905 IdlyInterested the Carver (level 11, 0/89 HPs)
             Began as a Demonspawn Gladiator on July 13, 2022.
             Killed from afar by Fannar (20 damage)
             ... with a bolt of cold
             ... on level 11 of the Dungeon.
             The game lasted 00:44:16 (11435 turns).

IdlyInterested the Carver (Demonspawn Gladiator)   Turns: 11435, Time: 00:44:17

Health: 0/89       AC: 19    Str: 19    XL:     11   Next: 94%
Magic:  11/11      EV: 14    Int: 12    God:
Gold:   205        SH:  4    Dex: 14    Spells: 10/10 levels left

rFire   + . .      SeeInvis +   p - +7 great sword of Callousness {flame, rF+ rCorr Str+4 Dex-4}
rCold   + . .      Faith    .   (shield currently unavailable)
rNeg    . . .      Spirit   .   y - +5 ring mail of the King of the Hill {rElec rC+ Regen+ Int+2}
rPois   .          Reflect  .   j - +2 hat {SInv}
rElec   +          Harm     .   P - +2 cloak {Will+}
rCorr   +          Rampage  .   c - +0 pair of gloves
Will    +....                   E - +0 pair of boots
Stlth   ++........              (no amulet)
HPRegen 1.04/turn               (no ring)
MPRegen 0.24/turn               (no ring)

@: no status effects
A: antennae 2, magic regeneration, sharp scales 1, condensation shield, fangs 1
a: no special abilities


You were on level 11 of the Dungeon.
You visited 2 branches of the dungeon, and saw 12 of its levels.
You also visited: Sewer and Ossuary.

You collected 639 gold pieces.
You spent 434 gold pieces at shops.

Inventory:

Hand Weapons
 p - the +7 great sword of Callousness (weapon) {flame, rF+ rCorr Str+4 Dex-4}
   (You bought it in a shop on level 9 of the Dungeon)

   It burns those it strikes, dealing additional fire damage.
   Big, fiery blades are also staple armaments of hydra-hunters.
   Str:       It affects your strength (+4).
   Dex:       It affects your dexterity (-4).
   rF:        It protects you from fire.
   rCorr:     It protects you from acid and corrosion.
 N - the +7 rapier "Wats" {drain, rElec rC++ rN+ Int-4}
   (You found it on level 8 of the Dungeon)

   A truly terrible weapon, it drains the life of any living foe it strikes.
   Int:       It affects your intelligence (-4).
   rC:        It greatly protects you from cold.
   rElec:     It insulates you from electricity.
   rN:        It protects you from negative energy.
 U - a +4 long sword of freezing
 V - a +0 scimitar
Missiles
 d - 3 throwing nets
 e - 6 javelins
 q - 21 poisoned darts (quivered)
 w - a curare-tipped dart
 x - 8 boomerangs
Armour
 c - a +0 pair of gloves (worn)
 j - a +2 hat of see invisible (worn)
 y - the +5 ring mail of the King of the Hill (worn) {rElec rC+ Regen+ Int+2}
   (You found it on level 3 of the Dungeon)

   Int:       It affects your intelligence (+2).
   rC:        It protects you from cold.
   rElec:     It insulates you from electricity.
   Regen:     It increases your rate of health regeneration.
 z - a +1 chain mail of poison resistance
 E - a +0 pair of boots (worn)
 P - a +2 cloak of willpower (worn)
 S - a +2 leather armour of fire resistance
 T - a +0 buckler
Magical Staves
 o - a staff of poison
Jewellery
 L - an amulet of reflection
Wands
 l - a wand of iceblast (15)
 I - a wand of flame (14)
 J - a wand of polymorph (8)
 M - a wand of mindburst (5)
 O - a wand of digging (7)
Scrolls
 b - 2 scrolls of summoning
 h - 5 scrolls of enchant weapon
 k - 7 scrolls of teleportation
 n - a scroll of magic mapping
 s - 3 scrolls of blinking
 K - 2 scrolls of enchant armour
Potions
 f - a potion of might
 g - 12 potions of curing
 i - 2 potions of heal wounds
 m - 3 potions of magic {unknown}
 r - 4 potions of haste {unknown}
 u - a potion of mutation
 v - 4 potions of brilliance {unknown}
 A - 2 potions of cancellation {unknown}
 B - 2 potions of invisibility {unknown}
 C - 2 potions of attraction {unknown}
 D - 2 potions of resistance
 F - 4 potions of lignification {unknown}
 G - 3 potions of degeneration {unknown}
 R - a potion of flight
Miscellaneous
 t - a phantom mirror (inert)
 Q - a box of beasts (inert)


   Skills:
 + Level 9.0 Fighting
 * Level 11.4 Long Blades
 - Level 2.0 Throwing
 - Level 5.0 Armour
 + Level 8.6 Dodging
 - Level 5.0 Stealth
 - Level 5.0 Evocations


You had 10 spell levels left.
You didn't know any spells.
Your spell library contained the following spells:

 Spells                   Type           Power      Damage    Failure   Level
 Magic Dart               Conj           0%         1d3       50%         1
 Sting                    Tmut/Pois      0%         1d3       50%         1
 Blink                    Tloc           0%         N/A       63%         2
 Poisonous Vapours        Pois/Air       0%         N/A       63%         2
 Searing Ray              Conj           0%         2d4       63%         2
 Sublimation of Blood     Necr           0%         N/A       63%         2
 Wereblood                Tmut           0%         N/A       63%         2
 Lesser Beckoning         Tloc           0%         N/A       86%         3
 Stone Arrow              Conj/Erth      0%         3d7       86%         3
 Airstrike                Air            0%         0-1+      99%         4
 Animate Armour           Summ/Erth      0%         N/A       99%         4
 Fulminant Prism          Conj/Hex       0%         3d6       99%         4
 Leda's Liquefaction      Hex/Erth       0%         N/A       99%         4
 Olgreb's Toxic Radiance  Pois           0%         N/A       99%         4
 Summon Lightning Spire   Summ/Air       0%         N/A       99%         4
 Lee's Rapid Deconstruct  Erth           0%         3d5*      100%        5
 Lightning Bolt           Conj/Air       0%         1d11      100%        5
 Manifold Assault         Tloc           0%         N/A       100%        5
 Statue Form              Tmut/Erth      0%         N/A       100%        6
 Storm Form               Tmut/Air       0%         N/A       100%        7
 Summon Hydra             Summ           0%         N/A       100%        7
 Lehudib's Crystal Spear  Conj/Erth      0%         10d2      100%        8
 Maxwell's Capacitive Co  Air            0%         ∞         100%        8


Dungeon Overview and Level Annotations

Branches:
Dungeon (11/15)            Temple (1/1) D:7            Lair (0/6) D:11
  Sewer (visited)         Ossuary (visited)
    Orc: D:9-12

Altars:
Ashenzari
Cheibriados
Dithmenos
Fedhas
Gozag
Hepliaklqana
Kikubaaqudgha
Makhleb
Nemelex Xobeh
Okawaru
Qazlal
Ru
Sif Muna
Trog
Uskayaw
Vehumet
Wu Jian
Xom
Yredelemnul
Lugonu

Shops:
D:1 *   D:6 =   D:9 (   D:11 [

Annotations:
D:11 3 runed translucent doors, Fannar; tabacat's ghost, journeyman DrCj


Innate Abilities, Weirdness & Mutations

You have a pair of antennae on your head.
You regenerate magic rapidly.
You are partially covered in razor-sharp scales. (AC +1, Slay +1)
A meltable shield of frost defends you. (SH +4)
You have very sharp teeth.


Message History

You feel much better.
Fannar casts a spell.
You hit Fannar but do no damage.
Fannar is almost dead.
Fannar drinks a potion.
Fannar is healed!
You closely miss Fannar.
Fannar is severely wounded.
You slash the ice beast!
You melt the ice beast!
The ice beast is severely wounded.
Fannar mumbles some strange words.
You completely miss the ice beast.
You bite the ice beast, but do no damage.
The ice beast is severely wounded.
You block the ice beast's attack.
You hit the ice beast.
You melt the ice beast.
Your bite misses the ice beast.
The ice beast is almost dead.
The ice beast barely misses you.
You slice the ice beast!!
You melt the ice beast.
You kill the ice beast!
The ice beast disappears in a puff of smoke!
Fannar casts a spell.
Fannar drains the heat from the surrounding environment!
You resist.
Unknown command.
Fannar gestures wildly while chanting.
Fannar drains the heat from the surrounding environment!
You resist.
* * * LOW HITPOINT WARNING * * *
You hit Fannar. You burn Fannar.
Fannar is severely wounded.
Fannar hits you with a staff of cold.
* * * LOW HITPOINT WARNING * * *
Fannar freezes you.
* * * LOW HITPOINT WARNING * * *
You closely miss the ice beast.
You bite the ice beast, but do no damage.
Fannar casts a spell at you.
The bolt of cold hits the ice beast.
The ice beast completely resists.
The bolt of cold hits you!! You resist.
You die...

#.........####....####
+.........+...........
#.........####....####
#.......# ##.#.#
#.....# ###.# #...#
#.# #e# #.# #Y# #.#
#####@#### #.#
#........#### #.#
.####.##........# #.#
.............##.# #.#
#####.##...#.##.# #.#
#
#.##[....##.#####.####
#.###.##..........##..
#.###.......#######..P
#........#### ##....


You could see Fannar and an ice beast (summoned).

Vanquished Creatures
  A hydra (D:11)
  The ghost of zhov the Tormented, a novice DsNe of Kikubaaqudgha (D:7)
  Amaemon (D:11)
  2 cyclopes
  An ugly thing (D:11)
  A manticore (D:11)
  Maurice (D:9)
  3 unseen horrors
  An orange demon (D:11)
  5 gargoyles (D:9)
  Psyche (D:9)
  4 trolls
  A queen bee (shapeshifter) (D:8)
  A hornet (D:7)
  A shadow (D:9)
  3 wyverns
  6 yaks (D:10)
  The ghost of ponyjar the Shield-Bearer, an amateur FoFi (D:4)
  A steam dragon (D:8)
  3 wargs (D:11)
  2 water moccasins
  A sky beast (D:6)
  10 orc warriors
  2 ice beasts
  2 black bears
  An ogre (D:7)
  2 centaurs
  3 kobold brigands
  Blork the orc (D:4)
  A gnoll sergeant (D:8)
  3 water moccasin zombies (Ossuary)
  4 scorpions
  10 wights
  7 howler monkeys
  2 electric eels (D:6)
  4 hounds
  2 gnoll boudas
  11 orc priests
  5 jellies
  2 iguanas (D:7)
  14 orc wizards
  Natasha (thrice) (D:4)
  2 mummies (Ossuary)
  9 gnolls
  7 adders
  5 river rats (Sewer)
  3 white imps
  3 ufetubi
  2 adder zombies (Ossuary)
  3 worms
  3 dart slugs
  44 orcs
  13 ball pythons
  10 endoplasms
  2 giant cockroaches
  2 gnoll zombies (Ossuary)
  A goblin (D:2)
  3 hobgoblins
  6 jackals
  5 quokkas
  6 bats
  7 frilled lizards
  3 hobgoblin zombies (Ossuary)
  11 kobolds
  6 kobold zombies (Ossuary)
  5 orc zombies (Ossuary)
  9 rats
301 creatures vanquished.

Vanquished Creatures (collateral kills)
  A troll (D:10)
1 creature vanquished.

Vanquished Creatures (others)
  A quokka (D:5)
  50 plants
  2 withered plants (D:4)
53 creatures vanquished.

Grand Total: 355 creatures vanquished

Notes
Turn   | Place    | Note
-------+----------+-------------------------------------------
     0 | D:1      | IdlyInterested the Demonspawn Gladiator began the quest for
                  | the Orb.
     0 | D:1      | Reached XP level 1. HP: 16/16 MP: 1/1
   181 | D:1      | Reached skill level 3 in Long Blades
   197 | D:1      | Gained mutation: A meltable shield of frost defends you.
                  | (SH +4) [demonic ancestry]
   197 | D:1      | Reached XP level 2. HP: 13/22 MP: 2/2
   815 | D:1      | Found Taepse Ifey's Assorted Antiques.
   950 | D:1      | Gained mutation: You are partially covered in razor-sharp
                  | scales. (AC +1, Slay +1) [demonic ancestry]
   950 | D:1      | Reached XP level 3. HP: 27/27 MP: 3/3
   962 | D:1      | Found a faded altar of an unknown god.
  1949 | D:1      | Bought a puce potion for 20 gold pieces
  1949 | D:1      | Bought a scroll labelled PUAQIC PAIDDUWN for 23 gold pieces
  1949 | D:1      | Bought a scroll labelled ZAOTI JAEZYF for 23 gold pieces
  2072 | D:3      | Reached XP level 4. HP: 33/33 MP: 4/4
  2105 | D:3      | Found a glowing drain.
  2110 | Sewer    | Entered a sewer
  2114 | Sewer    | Noticed a kobold brigand
  2127 | Sewer    | Reached skill level 4 in Long Blades
  2138 | Sewer    | Killed a kobold brigand
  2139 | Sewer    | Reached XP level 5. HP: 18/39 MP: 5/5
  2674 | Sewer    | Reached XP level 6. HP: 46/47 MP: 6/6
  2817 | Sewer    | Reached skill level 5 in Long Blades
  3354 | D:3      | Identified the +5 ring mail of the King of the Hill {rElec
                  | rC+ Regen+ Int+2}
  4099 | D:1      | Bought a blackened ivory wand for 92 gold pieces
  4173 | D:3      | Identified a scroll of acquirement
  4173 | D:3      | Acquired a +2 hat of see invisible
  4207 | D:4      | Noticed Natasha
  4218 | D:4      | Killed Natasha
  4310 | D:4      | Noticed Blork the orc
  4321 | D:4      | Killed Blork the orc
  4351 | D:4      | Found a runed translucent door.
  4351 | D:4      | Noticed ponyjar's ghost (amateur FoFi)
  4403 | D:4      | Noticed Natasha
  4413 | D:4      | Killed Natasha
  4642 | D:4      | Noticed Natasha
  4651 | D:4      | Killed Natasha
  4652 | D:4      | Gained mutation: You regenerate magic rapidly. [demonic
                  | ancestry]
  4652 | D:4      | Reached XP level 7. HP: 53/53 MP: 7/7
  4702 | D:4      | Found a sacrificial altar of Ru.
  4836 | D:4      | Killed ponyjar's ghost
  4875 | D:5      | Entered Level 5 of the Dungeon
  4879 | D:5      | Reached skill level 6 in Long Blades
  4952 | D:5      | Reached skill level 1 in Armour
  4979 | D:5      | Found a sand-covered staircase.
  4986 | Ossuary  | Entered an ossuary
  5100 | Ossuary  | Gained mutation: You have a pair of small antennae on your
                  | head. [demonic ancestry]
  5100 | Ossuary  | Reached XP level 8. HP: 58/61 MP: 8/8
  5276 | D:5      | Reached skill level 5 in Dodging
  5276 | D:5      | Reached skill level 1 in Stealth
  5613 | D:5      | Found an ornate altar of the Wu Jian Council.
  5614 | D:5      | Found a radiant altar of Vehumet.
  6288 | D:5      | Gained mutation: You have very sharp teeth. [potion of
                  | mutation]
  6426 | D:6      | Found Loppafis's Jewellery Shop.
  6506 | D:6      | Found a transporter.
  6536 | D:6      | Reached skill level 7 in Long Blades
  6536 | D:6      | Reached skill level 1 in Evocations
  6688 | D:6      | Reached skill level 5 in Fighting
  6755 | D:6      | Found a transporter.
  7157 | D:7      | Found a blossoming altar of Fedhas.
  7216 | D:7      | Found a staircase to the Ecumenical Temple.
  7216 | D:7      | Noticed a hornet
  7229 | D:7      | Gained mutation: You have a pair of antennae on your head.
                  | [demonic ancestry]
  7229 | D:7      | Reached XP level 9. HP: 69/69 MP: 9/9
  7270 | Temple   | Entered the Ecumenical Temple
  7404 | D:7      | Found a basalt altar of Yredelemnul.
  7512 | D:7      | Reached skill level 8 in Long Blades
  7518 | D:7      | Found a runed translucent gate.
  7519 | D:7      | Found a runed translucent gate.
  7519 | D:7      | Noticed zhov's ghost (novice DsNe)
  7520 | D:7      | Found a runed translucent gate.
  7569 | D:7      | Noticed a troll
  7588 | D:7      | Killed a troll
  7603 | D:7      | Noticed a cyclops
  7617 | D:7      | Killed a cyclops
  7859 | D:7      | Killed zhov's ghost
  7888 | D:7      | Reached XP level 10. HP: 63/77 MP: 10/10
  8084 | D:8      | Reached skill level 9 in Long Blades
  8171 | D:8      | Found a shimmering blue altar of Sif Muna.
  8261 | D:8      | Found a large runed translucent door.
  8261 | D:8      | Found a large runed translucent door.
  8286 | D:8      | Noticed a cyclops
  8297 | D:8      | Killed a cyclops
  8418 | D:8      | Found a large runed translucent door.
  8418 | D:8      | Found a large runed translucent door.
  8457 | D:8      | Identified the +4 mace of Salt {drain, Dex+4}
  8495 | D:8      | Found a hazy altar of Hepliaklqana.
  8497 | D:8      | Found a snail-covered altar of Cheibriados.
  8795 | D:8      | Identified the +7 rapier "Wats" {drain, rElec rC++ rN+
                  | Int-4}
  8909 | D:9      | Noticed a gargoyle
  8913 | D:9      | Killed a gargoyle
  8920 | D:9      | Noticed a gargoyle
  8921 | D:9      | Killed a gargoyle
  8932 | D:9      | Noticed a gargoyle
  8933 | D:9      | Killed a gargoyle
  8934 | D:9      | Reached skill level 10 in Long Blades
  8941 | D:9      | Noticed a gargoyle
  8944 | D:9      | Killed a gargoyle
  8950 | D:9      | Noticed a gargoyle
  8956 | D:9      | Killed a gargoyle
  9017 | D:9      | Noticed Psyche
  9027 | D:9      | Killed Psyche
  9028 | D:9      | Reached XP level 11. HP: 86/86 MP: 11/11
  9050 | D:9      | Found Tabaed's Antique Weapon Shop.
  9093 | D:9      | Found a sparkling altar of Nemelex Xobeh.
  9127 | D:9      | Noticed Maurice
  9147 | D:9      | Killed Maurice
  9382 | D:9      | Found a shimmering altar of Xom.
  9905 | D:10     | Entered Level 10 of the Dungeon
  9944 | D:10     | Found an iron altar of Okawaru.
 10283 | D:10     | Reached skill level 5 in Armour
 10651 | D:11     | Found a runed translucent gate.
 10651 | D:11     | Found a runed translucent gate.
 10735 | D:9      | Bought a crystal great sword for 276 gold pieces
 10735 | D:9      | Identified the +7 great sword of Callousness {flame, rF+
                  | rCorr Str+4 Dex-4} (You bought it in a shop on level 9 of
                  | the Dungeon)
 10821 | D:11     | Found a staircase to the Lair.
 10840 | D:11     | Reached skill level 11 in Long Blades
 10902 | D:11     | Noticed Amaemon
 10928 | D:11     | Killed Amaemon
 10929 | D:11     | Reached skill level 5 in Stealth
 11189 | D:11     | Found Feitenoc's Armour Shoppe.
 11239 | D:11     | Noticed a cyan ugly thing
 11254 | D:11     | Killed a cyan ugly thing
 11275 | D:11     | Found a runed translucent gate.
 11280 | D:11     | Noticed tabacat's ghost (journeyman DrCj)
 11397 | D:11     | Noticed a four-headed hydra
 11418 | D:11     | Killed a one-headed hydra
 11419 | D:11     | Reached skill level 5 in Evocations
 11419 | D:11     | Noticed Fannar
 11435 | D:11     | Killed from afar by Fannar

Illustrated notes

Levels and vault maps discovered:
D:1:      heliophobic_arrival_battle_scene, layout_basic,
          shapermc_ecumenical_altar_mp_vishouse, serial_shops, shop, st_stairs_8
D:2:      layout_loops_ring
D:3:      layout_loops_corners, gup_sewer_entry_bowl
D:4:      layout_rooms, nicolae_ru_the_path_less_chosen, gammafunk_ghost_grave,
          uniq_blork_the_orc, uniq_natasha
D:5:      layout_layer_cave, nicolae_overflow_squiral, elyvilon_altar_4,
          chequers_ossuary_entry_cave
D:6:      gammafunk_steamed_eel, layout_basic, serial_shops,
          nicolae_square_shop, kennysheep_generic_room_14
D:7:      layout_rooms, mainiacjoe_overflow_catwalk,
          mainiacjoe_overflow_brackets, temple_fountains,
          biasface_ghost_orc_armoury, minmay_misc_feat_x
D:8:      layout_gridville, gammafunk_temple_overflow_claw, tgw_sif,
          minmay_hollow_rounded_squares
D:9:      cheibrodos_statue_roulette, layout_long_grid,
          mainiacjoe_overflow_chevrons, brannock_xom_greatest_gift,
          serial_shops, shop, minmay_orc_keep, uniq_maurice, uniq_psyche
D:10:     layout_roguey, okawaru_gym_becter, dreamdust_gnoll_shepherd
D:11:     layout_loops_corners, erik_lair_orcish_takeover, serial_shops, shop,
          gammafunk_ghost_spectres, uniq_fannar, uniq_amaemon
Temple:   corrupted_temple

Skill      XL: |  1  2  3  4  5  6  7  8  9 10 11 |
---------------+----------------------------------+-----
Long Blades    | 3 4 5 6 7 8 10 11 | 11.4
Dodging        | 3 4 5 6 7 8 |  8.6
Throwing       | 2 |  2.0
Fighting       | 3 4 5 6 7 9 |  9.0
Armour         | 2 4 5 |  5.0
Stealth        | 2 4 5 |  5.0
Evocations     | 2 4 5 |  5.0

Action                   |  1- 3 |  4- 6 |  7- 9 | 10-12 || total
-------------------------+-------+-------+-------+-------++-------
Melee: Long sword        |   116 |   303 |   361 |   252 ||  1032
       Punch             |       |     2 |     5 |     1 ||     8
       Bite              |       |       |    23 |    52 ||    75
       Great sword       |       |       |       |   187 ||   187
Throw: Dart              |       |       |     5 |     6 ||    11
       Throwing net      |       |       |       |     2 ||     2
Evoke: Wand              |       |       |       |     7 ||     7
       Box of beasts     |       |       |       |     1 ||     1
       Phantom mirror    |       |       |       |     1 ||     1
  Use: Scroll            |     6 |     9 |     5 |     4 ||    24
       Potion            |       |       |     2 |     2 ||     4
 Stab: Sleeping          |     1 |       |     3 |     8 ||    12
       Held in net/web   |       |       |       |     1 ||     1
Armor: Leather armour    |    28 |       |       |       ||    28
       Ring mail         |    14 |    68 |   185 |   178 ||   445
Dodge: Dodged            |    57 |   115 |   230 |   265 ||   667
Block: Other             |    23 |    39 |    60 |   102 ||   224
       Reflection        |       |       |       |     2 ||     2
       Buckler           |       |       |       |   152 ||   152

Table legend: (Time is in decaauts)
 A = Elapsed time spent in this place.
 B = Non-inter-level travel time spent in this place.
 C = Inter-level travel time spent in this place.
 D = Time resting spent in this place.
 E = Time spent auto-exploring this place.
 F = Levels seen in this place.
 G = Mean time per level.
                   A        B        C        D        E       F      G
               +--------+--------+--------+--------+--------+-----+--------+
         Total |  11689 |  10829 |    860 |    780 |   6170 |  14 |  834.9 |
       Dungeon |  10431 |   9571 |    860 |    514 |   6169 |  11 |  948.3 |
        Temple |     44 |     44 |      0 |      0 |      0 |   1 |   44.0 |
         Sewer |   1012 |   1012 |      0 |    266 |      1 |   1 | 1012.0 |
       Ossuary |    201 |    201 |      0 |      0 |      0 |   1 |  201.0 |
               +--------+--------+--------+--------+--------+-----+--------+

Top non-repeatable levels by time:
     D:5: 1267 daAuts
     D:3: 1245 daAuts
     D:9: 1180 daAuts
     D:1: 1162 daAuts
   Sewer: 1012 daAuts
     D:2: 957 daAuts
     D:6: 828 daAuts
     D:8: 820 daAuts
     D:7: 813 daAuts
    D:10: 769 daAuts
     D:4: 701 daAuts
    D:11: 683 daAuts
 Ossuary: 201 daAuts
  Temple: 44 daAuts
